 Dungeon Crawl Stone Soup version 0.26.1-11-gd32895ea62 (webtiles) character file.

Game seed: 341036977112304009

165 jifgo the Magician (level 5, -1/29 HPs)
             Began as a Deep Elf Fire Elementalist on May 10, 2021.
             Killed from afar by an orc wizard (10 damage)
             ... with a puff of flame
             ... on level 3 of the Dungeon.
             The game lasted 00:07:08 (2654 turns).

jifgo the Magician (Deep Elf Fire Elementalist)     Turns: 2654, Time: 00:07:09

Health: -1/29      AC:  2    Str:  5    XL:     5   Next: 21%
Magic:  11/13      EV: 14    Int: 21    God:
Gold:   83         SH:  0    Dex: 15    Spells: 3/12 levels left

rFire    . . .     SeeInvis .   l - +2 dagger (protect)
rCold    . . .     Faith    .   (no shield)
rNeg     . . .     Spirit   .   a - +0 robe
rPois    .         Reflect  .   (no helmet)
rElec    .         Harm     .   (no cloak)
rCorr    .         Rampage  .   (no gloves)
Will     .....                  (no boots)
Stlth    ++........             (no amulet)
HPRegen  0.09/turn              (no ring)
MPRegen  0.13/turn              (no ring)

@: no status effects
A: no striking features
a: no special abilities


You were on level 3 of the Dungeon.
You visited 1 branch of the dungeon, and saw 3 of its levels.

You collected 83 gold pieces.

Inventory:

Hand Weapons
 l - a +2 dagger of protection (weapon)
Missiles
 h - 10 poisoned darts (quivered)
 m - 2 throwing nets
Armour
 a - a +0 robe (worn)
Jewellery
 j - an uncursed ring of see invisible {unknown}
Scrolls
 b - a scroll of amnesia {unknown}
 e - a scroll of immolation {unknown}
 f - 3 scrolls of identify {unknown}
 g - a scroll of remove curse {unknown}
 i - 2 scrolls of magic mapping {unknown}
Potions
 d - a potion of heal wounds {unknown}
 k - a potion of curing {unknown}


   Skills:
 + Level 1.4 Fighting
 + Level 3.4 Dodging
 + Level 3.6 Stealth
 + Level 4.0 Spellcasting
 + Level 2.4 Conjurations
 + Level 3.9 Fire Magic


You had 3 spell levels left.
You knew the following spells:

 Your Spells              Type           Power        Failure   Level
a - Conjure Flame         Conj/Fire      17%          10%         3
b - Fireball              Conj/Fire      8%           65%         5
x - Foxfire               Conj/Fire      68%          3%          1

Your spell library contained the following spells:

 Spells                   Type           Power        Failure   Level
 Inner Flame              Hex/Fire       12%          16%         3
 Sticky Flame             Conj/Fire      17%          32%         4


Dungeon Overview and Level Annotations

Branches:
Dungeon (3/15)

Altars:


Message History

The orc wizard mumbles some strange words.
The orc wizard seems to speed up.
Casting: Foxfire (safe; 3% risk of failure)
Confirm with . or Enter, or press ? or * to list all spells.
You conjure some foxfire!
The orc misses you. The orc hits you with a +0 mace.
Your foxfire dissipates!
The foxfire hits the orc but does no damage.
Casting: Foxfire (safe; 3% risk of failure)
Confirm with . or Enter, or press ? or * to list all spells.
You conjure some foxfire!
The orc wizard looks braver for a moment.
The foxfire hits the orc.
The orc is lightly wounded.
The foxfire hits the orc.
The orc is heavily wounded.
The orc barely misses you.
The orc wizard gestures at you while chanting.
The puff of flame hits you!
You die...

######.### .# #.......#
.. #[####..# ># ##...#
.o #..#># .# # #....#
#.##o##.# #..o....#
##### ####@####
....############.#####.#
#.......##..............
#...##.......###.#####.#
.....#..#.....##.#
...).......#..##.#
....##..##.....#.#
(................#
.#.....####.#..###


You could see an orc wizard (fast) and an orc.

Vanquished Creatures
  An orc wizard (D:3)
  4 adders (D:2)
  An ooze (D:2)
  2 worms (D:2)
  3 dart slugs
  2 leopard geckos (D:2)
  5 orcs
  4 giant cockroaches (D:1)
  11 goblins
  5 hobgoblins
  6 jackals (D:1)
  11 kobolds
  A ball python (D:3)
  11 bats
  6 frilled lizards
  6 rats
79 creatures vanquished.

Vanquished Creatures (others)
  193 foxfires
193 creatures vanquished.

Grand Total: 272 creatures vanquished

Notes
Turn   | Place    | Note
-------+----------+-------------------------------------------
     0 | D:1      | jifgo the Deep Elf Fire Elementalist began the quest for
                  | the Orb.
     0 | D:1      | Reached XP level 1. HP: 10/10 MP: 6/6
   102 | D:1      | Reached XP level 2. HP: 15/15 MP: 1/8
   372 | D:1      | Reached XP level 3. HP: 20/20 MP: 7/9
   376 | D:1      | Learned a level 3 spell: Conjure Flame
  1174 | D:2      | Reached skill level 1 in Fighting
  1227 | D:2      | Reached XP level 4. HP: 25/25 MP: 6/11
  2174 | D:2      | Found a faded altar of an unknown god.
  2574 | D:3      | Reached XP level 5. HP: 29/29 MP: 9/12
  2583 | D:3      | Learned a level 5 spell: Fireball
  2616 | D:3      | Reached skill level 4 in Spellcasting
  2654 | D:3      | Killed from afar by an orc wizard

Illustrated notes

Levels and vault maps discovered:
D:1:      lightli_arrival_chessboard, layout_rooms, serial_aquarium,
          aquarium_bridge_straight [aquarium_subvault_bridge,
          aquarium_subvault_wall, aquarium_subvault_bridge,
          aquarium_subvault_wall], aquarium_window_corner, aquarium_window_2,
          aquarium_window_fake, aquarium_window_2, aquarium_view_2d,
          aquarium_pool_split
D:2:      layout_loops_ring, chequers_ecumenical_altar_twisty
D:3:      layout_loops_cross

Skill      XL: |  1  2  3  4  5 |
---------------+----------------+-----
Stealth        | 3 |  3.6
Dodging        | 3 |  3.4
Fighting       | 1 |  1.4
Conjurations   | 2 |  2.4
Spellcasting   | 4 |  4.0
Fire Magic     | |  3.9

Action                   |  1- 3 |  4- 6 || total
-------------------------+-------+-------++-------
Melee: Club              |     1 |       ||     1
       Dagger            |       |    39 ||    39
Throw: Dart              |       |     4 ||     4
 Cast: Foxfire           |    63 |    51 ||   114
  Use: Potion            |       |     1 ||     1
Armor: Robe              |     5 |     7 ||    12
       Skin              |       |    17 ||    17
Dodge: Dodged            |    18 |    29 ||    47
